 Dungeon Crawl Stone Soup version 0.21.1-1-g345015fe64 (webtiles) character file.

79 Mrkan the Ruffian (level 4, -1/44 HPs)
             Began as a Troll Monk on May 6, 2018.
             Slain by an orc
             ... wielding a +0 short sword
              (9 damage)
             ... on level 3 of the Dungeon.
             The game lasted 00:03:04 (1223 turns).

Mrkan the Ruffian (Troll Monk)                      Turns: 1223, Time: 00:03:04

Health: -1/44      AC:  5    Str: 19    XL:     4   Next: 16%
Magic:  3/3        EV: 10    Int:  6    God:
Gold:   81         SH:  0    Dex: 13    Spells: 3/3 levels left

rFire    . . .     SeeInvis .     - Unarmed
rCold    . . .     Gourm    +   (no shield)
rNeg     . . .     Faith    .   a - +0 robe
rPois    .         Spirit   .   (helmet restricted)
rElec    .         Reflect  .   (no cloak)
rCorr    .         Harm     .   (gloves unavailable)
MR       .....                  (boots unavailable)
Stlth    ++........             (no amulet)
HPRegen  0.54/turn              (no ring)
MPRegen  0.08/turn              (no ring)

@: lethally poisoned (-1 -> -7)
A: large, unfitting armour, claws 3, fast metabolism 3, gourmand, regeneration
1, shaggy fur 1, tough skin 2
a: no special abilities


You were on level 3 of the Dungeon.
You were completely stuffed.

You visited 1 branch of the dungeon, and saw 3 of its levels.

You collected 81 gold pieces.

Inventory:

Armour
 a - a +0 robe (worn)
Scrolls
 d - 6 scrolls of identify {unknown}
 h - a scroll of amnesia {unknown}
Potions
 c - 2 potions of degeneration {unknown}
 e - a potion of flight {unknown}
 f - a potion of brilliance {unknown}
 g - a potion of heal wounds {unknown}
 i - a potion of invisibility {unknown}
Comestibles
 b - 3 rations
 j - a chunk of flesh


   Skills:
 - Level 2.4 Fighting
 - Level 2.4 Dodging
 - Level 1.0 Stealth
 * Level 5.0 Unarmed Combat


You had 3 spell levels left.
You didn't know any spells.

Dungeon Overview and Level Annotations

Branches:
Dungeon (3/15)

Altars:
The Shining One


Innate Abilities, Weirdness & Mutations

You are too large for most types of armour.
You have claws for hands.
Your metabolism is lightning-fast.
You like to eat raw meat.
Your natural rate of healing is unusually fast.
You are covered in fur. (AC +1)
You have very tough skin. (AC +2)


Message History

You claw the orc!
You kill the orc!
You feel sick.
You scratch the frilled lizard.
You kill the frilled lizard!
* * * LOW HITPOINT WARNING * * *
You feel sick.
You mangle the frilled lizard!!
You kill the frilled lizard!
* * * LOW HITPOINT WARNING * * *
You feel sick.
You barely miss the orc. Your claw misses the orc.
* * * LOW HITPOINT WARNING * * *
You feel sick. The orc hits you but does no damage.
You closely miss the orc.
You feel sick. The orc misses you.
You barely miss the orc.
* * * LOW HITPOINT WARNING * * *
You feel sick. The orc hits you but does no damage.
You barely miss the orc.
You feel sick. The orc hits you with a short sword!
You die...

.#.##...# ....###.### ####.
##........# ....
##.####...### ###...
.......##...# #.##.( ###
.......###### #....# ....
.(.....# #.##.## .....
.......# #<##..#......
.......###### #.@og........
##..........###..##.#......
...##..######...###..######
.#####.#####..### ##..g
.### #.......## ###. ...#
#####....# # ##.### #.##.#
##...# #.##.#
..##.......##..


You could see an orc and a goblin.

Vanquished Creatures
  An adder (D:2)
  2 oozes
  2 dart slugs
  2 leopard geckos (D:2)
  2 orcs (D:3)
  3 bats (D:2)
  2 giant cockroaches
  6 goblins
  13 hobgoblins
  5 frilled lizards
  5 kobolds
  6 rats
49 creatures vanquished.

Notes
Turn   | Place    | Note
-------+----------+-------------------------------------------
     0 | D:1      | Mrkan the Troll Monk began the quest for the Orb.
     0 | D:1      | Reached XP level 1. HP: 22/22 MP: 0/0
    72 | D:1      | Reached XP level 2. HP: 23/29 MP: 1/1
   338 | D:1      | Reached skill level 4 in Unarmed Combat
   529 | D:2      | Reached XP level 3. HP: 35/36 MP: 2/2
  1058 | D:3      | Reached XP level 4. HP: 44/44 MP: 3/3
  1089 | D:3      | Found a glowing golden altar of the Shining One.
  1191 | D:3      | Reached skill level 5 in Unarmed Combat
  1223 | D:3      | Slain by an orc

Skill      XL: |  1  2  3  4 |
---------------+-------------+-----
Unarmed Combat | 4 5 |  5.0
Fighting       | |  2.4
Dodging        | |  2.4
Stealth        | |  1.0

Action                   |  1- 3 |  4- 6 || total
-------------------------+-------+-------++-------
Melee: Unarmed           |   104 |    23 ||   127
       Punch             |       |     1 ||     1
 Stab: Sleeping          |     1 |       ||     1
  Eat: Chunk             |    15 |     2 ||    17
Armor: Robe              |    38 |     6 ||    44
Dodge: Dodged            |    64 |     4 ||    68
